 Dungeon Crawl Stone Soup version 0.27.1-35-g4d5d836560 (webtiles) character file.

Game seed: 16040798290592346430

230 Delamore the Sneak (level 6, -2/39 HPs)
             Began as an Octopode Brigand on May 17, 2022.
             Slain by a phantom (9 damage)
             ... on level 4 of the Dungeon.
             The game lasted 00:03:22 (2482 turns).

Delamore the Sneak (Octopode Brigand)               Turns: 2482, Time: 00:03:23

Health: -2/39      AC:  1    Str: 10    XL:     6   Next: 3%
Magic:  6/6        EV: 13    Int: 13    God:
Gold:   200        SH:  0    Dex: 16    Spells: 5/5 levels left

rFire    . . .     SeeInvis .   a - +2 dagger
rCold    . . .     Faith    .   (no shield)
rNeg     . . .     Spirit   .   (helmet restricted)
rPois    .         Reflect  .   d - amulet of regeneration
rElec    .         Harm     .   (no ring)
rCorr    .         Rampage  .   (no ring)
Will     .....                  (no ring)
Stlth    ++++......             (no ring)
HPRegen  1.13/turn              (no ring)
MPRegen  0.10/turn              (no ring)
                                (no ring)
                                (no ring)

@: no status effects
A: almost no armour, amphibious, 8 rings, camouflage 1, gelatinous body 1,
(nimble swimmer 1), tentacles
a: no special abilities


You were on level 4 of the Dungeon.
You visited 1 branch of the dungeon, and saw 4 of its levels.

You collected 200 gold pieces.

Inventory:

Hand Weapons
 a - a +2 dagger (weapon)
Missiles
 b - 14 poisoned darts
 c - 4 curare-tipped darts
 h - 61 stones (quivered)
 o - a throwing net
Armour
 m - a +0 kite shield
Jewellery
 d - an amulet of regeneration (around mantle)
Scrolls
 g - a scroll of teleportation
 j - a scroll of brand weapon
 k - a scroll of magic mapping
 l - a scroll of noise
 n - a scroll of acquirement {unknown}
 q - a scroll of amnesia
 t - 2 scrolls of fear {unknown}
Potions
 e - a potion of brilliance {unknown}
 f - 2 potions of flight {unknown}
 i - 2 potions of cancellation {unknown}
 p - a potion of mutation {unknown}
 r - a potion of heal wounds {unknown}
 s - a potion of magic {unknown}


   Skills:
 - Level 2.0 Fighting
 * Level 5.1 Short Blades
 + Level 3.7 Throwing
 - Level 1.0 Dodging
 - Level 5.3 Stealth


You had 5 spell levels left.
You didn't know any spells.
Your spell library was empty.

Dungeon Overview and Level Annotations

Branches:
Dungeon (4/15)
 Temple: D:4-7

Altars:
Zin

Shops:
D:1 :

Annotations:
D:2 1 runed translucent door, Crazy Yiuf


Innate Abilities, Weirdness & Mutations

You cannot wear most types of armour.
You are amphibious.
You can wear up to eight rings at the same time.
Your skin changes colour to match your surroundings (Stealth+).
Your rubbery body absorbs attacks. (AC +1, EV +1)
((You are camouflaged near water. (Stealth+)))
You have tentacles for arms and can constrict up to eight enemies at once.


Message History

You miss the phantom.
The phantom is moderately damaged.
The phantom hits you but does no damage.
You hit the phantom but do no damage. Your squeeze misses the phantom.
The phantom is moderately damaged.
The phantom hits you.
The phantom blinks!
You blink.
You hit the phantom but do no damage.
The phantom is moderately damaged.
You barely miss the phantom.
The phantom is moderately damaged.
The phantom closely misses you.
You hit the phantom.
The phantom is heavily damaged.
The phantom hits you.
You barely miss the phantom.
The phantom is heavily damaged.
The phantom hits you!
You miss the phantom.
The phantom is heavily damaged.
You hit the phantom.
The phantom is heavily damaged.
The phantom barely misses you.
You hit the phantom. Your squeeze misses the phantom.
The phantom is heavily damaged.
The phantom hits you!
You are too injured to fight recklessly!
You are too injured to fight recklessly!
You closely miss the phantom.
The phantom is heavily damaged.
You hit the phantom.
The phantom is severely damaged.
The phantom hits you!
The phantom blinks!
You blink.
You miss the phantom.
The phantom is severely damaged.
The phantom hits you!
* * * LOW HITPOINT WARNING * * *
You barely miss the phantom.
The phantom is severely damaged.
The phantom hits you!
You die...

..... # ..... # #..(# ##
#.#§# #########. #.#.#
##.........
#.#.####..########
##.#......##
#W...#########
######.@....§......
#....##.#.########.
#....##.#.# #><..##.#.#
#....##.#.## ###
#(...##.÷..# ...
#....##....# ##..#
#..........########.....
####..#.....))........##


You could see a phantom.

Vanquished Creatures
  2 orc priests
  A hound (D:4)
  An iguana (D:4)
  A hound skeleton (D:4)
  A gnoll (D:1)
  3 adders
  A dart slug (D:1)
  8 orcs
  2 ball pythons
  4 endoplasms
  3 giant cockroaches
  4 goblins
  7 hobgoblins
  A quokka (D:1)
  4 bats
  2 frilled lizards
  9 kobolds
  6 rats
60 creatures vanquished.

Notes
Turn   | Place    | Note
-------+----------+-------------------------------------------
     0 | D:1      | Delamore the Octopode Brigand began the quest for the Orb.
     0 | D:1      | Reached XP level 1. HP: 14/14 MP: 1/1
   218 | D:1      | Reached XP level 2. HP: 19/19 MP: 2/2
   334 | D:1      | Found Viuqoad's Book Shop.
   537 | D:1      | Reached XP level 3. HP: 19/24 MP: 3/3
  1245 | D:2      | Found a runed translucent door.
  1246 | D:2      | Noticed Crazy Yiuf
  1604 | D:2      | HP: 1/24 [orc priest (3)]
  1607 | D:2      | Reached XP level 4. HP: 3/29 MP: 4/4
  1802 | D:3      | Reached XP level 5. HP: 34/34 MP: 5/5
  1820 | D:3      | Found a faded altar of an unknown god.
  2077 | D:3      | Found a glowing silver altar of Zin.
  2400 | D:4      | Reached skill level 5 in Short Blades
  2400 | D:4      | Reached XP level 6. HP: 30/39 MP: 6/6
  2482 | D:4      | Slain by a phantom

Illustrated notes

Levels and vault maps discovered:
D:1:      grunt_arrival_crossed_arrows, layout_basic, serial_shops, shop,
          chequers_serial_rivers_micro_a, minmay_misc_feat_enclosed
D:2:      layout_basic, minmay_misc_feat_tower, hex_large,
          uniq_crazy_yiuf_cottage
D:3:      layout_rooms, nicolae_overflow_hidden_temple, basic_ecumenical_altar
D:4:      layout_rooms, nicolae_ru_the_path_less_chosen

Skill      XL: |  1  2  3  4  5 |
---------------+----------------+-----
Short Blades   | 3 4 5 |  5.1
Throwing       | 3 |  3.7
Fighting       | |  2.0
Dodging        | |  1.0
Stealth        | |  5.3

Action                   |  1- 3 |  4- 6 || total
-------------------------+-------+-------++-------
Melee: Dagger            |    58 |    73 ||   131
       Constrict         |    12 |    12 ||    24
       Tentacles         |     6 |    12 ||    18
Throw: Stone             |       |    41 ||    41
       Dart              |       |     3 ||     3
  Use: Scroll            |     1 |     4 ||     5
 Stab: Sleeping          |    12 |     4 ||    16
       Distracted        |       |     3 ||     3
Armor: Skin              |     5 |     4 ||     9
Dodge: Dodged            |    29 |    26 ||    55
